[Event "RUS-ch Boys U21 2020"]
[Site "Moscow"]
[Date "2020.12.12"]
[Round "5.2"]
[White "Salemgareev, Tagir"]
[Black "Gaifullin, Artur"]
[Result "1-0"]
[ECO "D63"]
[WhiteElo "2463"]
[BlackElo "2460"]
[Annotator "ChessBase"]
[PlyCount "95"]
[EventDate "2020.12.08"]
[EventType "tourn"]
[EventCountry "RUS"]
[SourceTitle "playchess.com"]
[Source "ChessBase"]
[SourceQuality "1"]
[TimeControl "40/5400+30:1800+30"]

1. d4 Nf6 2. c4 e6 3. Nf3 d5 4. Nc3 Be7 5. Bg5 O-O 6. e3 Nbd7 7. Rc1 dxc4 8. Bxc4 a6 9. O-O b5 10. Bd3 Bb7 11. a4 b4 12. Nb1 c5 13. Nbd2 h6 14. Bh4 cxd4 15. exd4 Nd5 16. Bg3 a5 17. Nb3 Ba6 18. Rc6 Nb8 19. Rc1 Bxd3 20. Qxd3 Qe8 21. Ne5 f5 22. f3 Bd6 23. Rfe1 f4 24. Bf2 Bxe5 25. Rxe5 Nd7 26. Re2 Rf6 27. Qb5 Rb8 28. Qxa5 Qh5 29. Qa6 Rg6 30. Rxe6 N7f6 31. Kh1 Rg5 32. Qd3 Rf8 33. a5 Ne3 34. Bxe3 fxe3 35. Rxe3 Nd5 36. Re5 Nf4 37. Qd2 Qg6 38. Rxg5 hxg5 39. Qc2 Qh5 40. a6 g4 41. fxg4 Qxg4 42. Qe4 Qg5 43. a7 Nd5 44. Qe6+ Kh7 45. Qh3+ Kg8 46. Rc8 Qe7 47. Rxf8+ Qxf8 48. Qf3 1-0

[Event "RUS-ch Boys U21 2020"]
[Site "Moscow"]
[Date "2020.12.12"]
[Round "5.3"]
[White "Ofitserian, Boris"]
[Black "Pogosyan, Stefan"]
[Result "1/2-1/2"]
[ECO "A05"]
[WhiteElo "2376"]
[BlackElo "2430"]
[Annotator "ChessBase"]
[PlyCount "108"]
[EventDate "2020.12.08"]
[EventType "tourn"]
[EventCountry "RUS"]
[SourceTitle "playchess.com"]
[Source "ChessBase"]
[SourceQuality "1"]
[TimeControl "40/5400+30:1800+30"]

1. Nf3 Nf6 2. c4 e6 3. g3 d5 4. Bg2 d4 5. O-O c5 6. e3 Nc6 7. exd4 cxd4 8. d3 Be7 9. Bg5 O-O 10. Bxf6 Bxf6 11. Nbd2 e5 12. Re1 Bf5 13. Ne4 Be7 14. a3 a5 15. Rc1 Qd7 16. Qa4 Qc7 17. c5 Bd7 18. Nfd2 Nb8 19. Qd1 a4 20. Nc4 Bc6 21. Ned6 Bxg2 22. Kxg2 Nd7 23. Qf3 Nxc5 24. Rxe5 Nxd3 25. Qxd3 Bxd6 26. Rd5 Bc5 27. Ne5 b6 28. Qxd4 Rad8 29. Rxd8 Rxd8 30. Qf4 h6 31. Rc2 Rd4 32. Qe3 Rd5 33. Nf3 Qd7 34. Qe4 Rd1 35. Re2 g6 36. h4 b5 37. h5 gxh5 38. Qf4 Bf8 39. Qb8 Qd3 40. Qe5 Bg7 41. Qe8+ Kh7 42. Qe7 Qc4 43. Kh2 Qd3 44. Kg2 Rc1 45. Ne1 Qd5+ 46. Nf3 Rc6 47. Rd2 Qe6 48. Qb7 Rc5 49. Rd7 Qc6 50. Rxf7 Qxb7 51. Rxb7 Kg8 52. Rb8+ Kh7 53. Rb7 Kg8 54. Rb8+ Kh7 1/2-1/2

[Event "RUS-ch Boys U21 2020"]
[Site "Moscow"]
[Date "2020.12.12"]
[Round "5.4"]
[White "Murzin, Volodar"]
[Black "Smirnov, Timofey"]
[Result "1/2-1/2"]
[ECO "B31"]
[WhiteElo "2470"]
[BlackElo "2394"]
[Annotator "ChessBase"]
[PlyCount "80"]
[EventDate "2020.12.08"]
[EventType "tourn"]
[EventCountry "RUS"]
[SourceTitle "playchess.com"]
[Source "ChessBase"]
[SourceQuality "1"]
[TimeControl "40/5400+30:1800+30"]

1. e4 c5 2. Nf3 Nc6 3. Bb5 g6 4. Bxc6 dxc6 5. d3 Bg7 6. O-O Nf6 7. a4 Nd7 8. Nbd2 O-O 9. a5 e5 10. Nc4 Qe7 11. Be3 f6 12. Nfd2 Nb8 13. f4 Be6 14. f5 Bf7 15. fxg6 hxg6 16. Qg4 Nd7 17. Nf3 f5 18. exf5 gxf5 19. Qh4 Qxh4 20. Nxh4 f4 21. Bd2 e4 22. Bxf4 exd3 23. cxd3 Bxc4 24. dxc4 Bxb2 25. Rab1 Bd4+ 26. Kh1 b6 27. g4 Ne5 28. Nf5 Nxg4 29. Bd6 Nf2+ 30. Rxf2 Bxf2 31. Bxf8 Rxf8 32. axb6 axb6 33. Ne7+ Kh7 34. Rxb6 Rf4 35. Rxc6 Rxc4 36. Kg2 Bh4 37. Nf5 Bg5 38. h4 Rf4 39. Rxc5 Bxh4 40. Nxh4 Rxh4 1/2-1/2

[Event "RUS-ch Boys U21 2020"]
[Site "Moscow"]
[Date "2020.12.12"]
[Round "5.5"]
[White "Triapishko, Alexandr"]
[Black "Nesterov, Arseniy"]
[Result "1-0"]
[ECO "A06"]
[WhiteElo "2506"]
[BlackElo "2498"]
[Annotator "RC"]
[PlyCount "57"]
[EventDate "2020.12.08"]
[EventType "tourn"]
[EventCountry "RUS"]
[SourceTitle "playchess.com"]
[Source "ChessBase"]
[SourceQuality "1"]
[TimeControl "40/5400+30:1800+30"]

1. Nf3 d5 2. g3 Nf6 3. Bg2 g6 4. b3 Bg7 5. Bb2 c5 6. c4 d4 7. b4 O-O 8. O-O Re8 9. bxc5 Nc6 10. d3 e5 11. Nbd2 Bf8 12. Ng5 Bxc5 13. Nge4 Nxe4 14. Nxe4 Be7 15. c5 Be6 16. Ba3 Qa5 17. Bc1 Rad8 18. Rb1 Qxa2 19. Bg5 Bxg5 20. Nxg5 Bd5 21. Ra1 Qb3 22. Qxb3 Bxb3 23. Rfb1 Bd5 24. Rxb7 f5 25. Nxh7 Re6 26. Ng5 Ree8 27. Bxd5+ Rxd5 28. Rc7 Rxc5 29. Ra6 1-0

[Event "RUS-ch Boys U21 2020"]
[Site "Moscow"]
[Date "2020.12.13"]
[Round "6.1"]
[White "Makarian, Rudik"]
[Black "Nesterov, Arseniy"]
[Result "1-0"]
[ECO "D37"]
[WhiteElo "2441"]
[BlackElo "2498"]
[Annotator "RC"]
[PlyCount "83"]
[EventDate "2020.12.08"]
[EventType "tourn"]
[EventCountry "RUS"]
[SourceTitle "playchess.com"]
[Source "ChessBase"]
[SourceQuality "1"]
[TimeControl "40/5400+30:1800+30"]

1. d4 Nf6 2. c4 e6 3. Nf3 d5 4. Nc3 dxc4 5. e4 b5 6. e5 Nd5 7. Nxb5 Nb6 8. Be2 Nc6 9. Be3 Ba6 10. Nc3 Be7 11. a3 Bb7 12. Qc2 Na5 13. Rd1 Rb8 14. h4 h6 15. Rh3 Qd7 16. Rg3 g6 17. h5 g5 18. Nd2 Bc6 19. Kf1 Ba4 20. Nxa4 Qxa4 21. Rc1 Qxc2 22. Rxc2 Kd7 23. Rf3 Rhf8 24. Ne4 Nd5 25. Bd2 Nb3 26. Bc3 Na1 27. Rc1 Nb3 28. Rd1 Nxc3 29. Rxc3 Na5 30. d5 Rxb2 31. dxe6+ Kxe6 32. Bg4+ Kxe5 33. Re3 Rd8 34. Nc3+ Kf6 35. Nd5+ Rxd5 36. Rxd5 Rb1+ 37. Ke2 Nc6 38. Bd7 c3 39. Rf5+ Kg7 40. Bxc6 c2 41. Rxe7 Re1+ 42. Kf3 1-0

[Event "RUS-ch Boys U21 2020"]
[Site "Moscow"]
[Date "2020.12.13"]
[Round "6.4"]
[White "Gaifullin, Artur"]
[Black "Ofitserian, Boris"]
[Result "1-0"]
[ECO "E12"]
[WhiteElo "2460"]
[BlackElo "2376"]
[Annotator "ChessBase"]
[PlyCount "69"]
[EventDate "2020.12.08"]
[EventType "tourn"]
[EventCountry "RUS"]
[SourceTitle "playchess.com"]
[Source "ChessBase"]
[SourceQuality "1"]
[TimeControl "40/5400+30:1800+30"]

1. d4 Nf6 2. c4 e6 3. Nf3 b6 4. a3 Bb7 5. Nc3 g6 6. Qc2 Bg7 7. e4 d6 8. Be2 Nbd7 9. O-O O-O 10. Be3 h6 11. Nd2 c5 12. d5 Qe7 13. Rae1 Ne5 14. h3 g5 15. g3 Ng6 16. Bf3 Nh7 17. Kh2 Rae8 18. dxe6 Qxe6 19. Bg4 Qe7 20. Bf5 Nf6 21. Nd5 Nxd5 22. cxd5 Qf6 23. f4 gxf4 24. gxf4 Ba6 25. Rg1 Ne7 26. Bd7 Rd8 27. e5 Qh4 28. Nf3 Qh5 29. Bg4 Qg6 30. f5 Qh7 31. Qa4 dxe5 32. f6 Nxd5 33. fxg7 Rfe8 34. Qxa6 h5 35. Ng5 1-0

[Event "RUS-ch Boys U21 2020"]
[Site "Moscow"]
[Date "2020.12.15"]
[Round "8.5"]
[White "Salemgareev, Tagir"]
[Black "Ofitserian, Boris"]
[Result "1-0"]
[ECO "B38"]
[WhiteElo "2463"]
[BlackElo "2376"]
[Annotator "ChessBase"]
[PlyCount "109"]
[EventDate "2020.12.08"]
[EventType "tourn"]
[EventCountry "RUS"]
[SourceTitle "playchess.com"]
[Source "ChessBase"]
[SourceQuality "1"]
[TimeControl "40/5400+30:1800+30"]

1. Nf3 c5 2. c4 g6 3. d4 cxd4 4. Nxd4 Bg7 5. e4 Nc6 6. Be3 Nf6 7. Nc3 Qa5 8. Nb3 Qd8 9. Be2 O-O 10. O-O d6 11. f3 b6 12. Qd2 Ba6 13. Rfc1 Rc8 14. Nb5 Nd7 15. N3d4 Bxb5 16. Nxb5 Nc5 17. Rab1 Ne6 18. Bf1 a6 19. Nc3 Bd4 20. Rd1 Qc7 21. Nd5 Qb7 22. Qf2 Bxe3 23. Qxe3 Rb8 24. b4 Nc7 25. Nc3 Rfc8 26. a3 Qa7 27. a4 a5 28. b5 Nb4 29. e5 Ne8 30. Ne4 dxe5 31. c5 bxc5 32. Bc4 e6 33. Rd2 Qe7 34. Rbd1 Rb7 35. Qg5 Qxg5 36. Nxg5 Nd5 37. Bxd5 exd5 38. Rxd5 f6 39. Ne4 c4 40. Rd8 Rbb8 41. Rxe8+ Rxe8 42. Nxf6+ Kf7 43. Nxe8 Rxe8 44. Kf2 Ke6 45. Ke3 Rc8 46. Kd2 c3+ 47. Kc2 Rc4 48. b6 Rb4 49. Rb1 Kd6 50. Rb3 Kc6 51. Kxc3 Rxb3+ 52. Kxb3 Kxb6 53. Kc4 Kc6 54. g3 h6 55. h3 1-0

[Event "RUS-ch Boys U21 2020"]
[Site "Moscow"]
[Date "2020.12.16"]
[Round "9.2"]
[White "Murzin, Volodar"]
[Black "Salemgareev, Tagir"]
[Result "1-0"]
[ECO "B90"]
[WhiteElo "2470"]
[BlackElo "2463"]
[Annotator "ChessBase"]
[PlyCount "119"]
[EventDate "2020.12.08"]
[EventType "tourn"]
[EventCountry "RUS"]
[SourceTitle "playchess.com"]
[Source "ChessBase"]
[SourceQuality "1"]
[TimeControl "40/5400+30:1800+30"]

1. e4 c5 2. Nf3 d6 3. d4 cxd4 4. Nxd4 Nf6 5. Nc3 a6 6. Be3 e5 7. Nb3 Be6 8. Qd2 Nbd7 9. f3 h5 10. O-O-O Be7 11. Nd5 Bxd5 12. exd5 Nb6 13. Qa5 Nfd7 14. Kb1 Rc8 15. Nd2 Nc5 16. c4 Nbd7 17. Qxd8+ Bxd8 18. b4 Na4 19. Kc2 Bb6 20. Bg5 f6 21. Bh4 Bd4 22. Ne4 Ke7 23. Kb3 b5 24. Be1 Nab6 25. cxb5 axb5 26. Bxb5 Nxd5 27. Bf2 Nc3 28. Bxd4 Nxb5 29. Bb2 Nb6 30. a4 d5 31. Ng3 Nc7 32. Nf5+ Kd7 33. Ne3 Ke6 34. Rhe1 Nd7 35. f4 Rhd8 36. g4 hxg4 37. fxe5 fxe5 38. Bxe5 Nxe5 39. Nxg4 Rf8 40. Nxe5 Kd6 41. Nc4+ Kc6 42. Na5+ Kd6 43. Re3 Rf4 44. Nb7+ Kc6 45. Nc5 Rb8 46. Nd3 Rh4 47. Rg1 Ne8 48. Rg6+ Nf6 49. Re6+ Kd7 50. Ra6 Ke7 51. Rxg7+ Kf8 52. Raa7 Ne4 53. Raf7+ Ke8 54. Rf5 Rh3 55. Rg8+ Ke7 56. Rxb8 Rxd3+ 57. Kc2 Rc3+ 58. Kb2 Ke6 59. Rh5 Rd3 60. Rb6+ 1-0